 Dungeon Crawl Stone Soup version 0.30-a0-354-g6b83867211 (webtiles) character file.

Game seed: 14019476449190676030

114 IdlyInterested the Trooper (level 4, -3/35 HPs)
             Began as a Demonspawn Wanderer on Nov 7, 2022.
             Killed by nerve-wracking pain
             ... invoked by Menkaure
              (10 damage)
             ... on level 4 of the Dungeon.
             The game lasted 00:08:23 (2199 turns).

IdlyInterested the Trooper (Demonspawn Wanderer)    Turns: 2199, Time: 00:08:24

Health: -3/35      AC:  9    Str: 13    XL:     4   Next: 67%
Magic:  7/7        EV:  9    Int: 17    God:
Gold:   175        SH:  4    Dex: 16    Spells: 7/7 levels left

rFire   + . .      SeeInvis .    o - +2 dagger (drain)
rCold   . . .      Faith    .    l - +0 buckler
rNeg    . . .      Spirit   .    t - +3 scale mail {rF+}
rPois   .          Reflect  .    (helmet restricted)
rElec   .          Harm     .    (no cloak)
rCorr   +          Rampage  .    (no gloves)
Will    .....                    (no boots)
Stlth   ..........               (no amulet)
HPRegen 0.25/turn                j - +6 ring of intelligence
MPRegen 0.10/turn                r - ring of resist corrosion

@: no status effects
A: antennae 1, spiny 1
a: no special abilities


You were on level 4 of the Dungeon.
You visited 1 branch of the dungeon, and saw 4 of its levels.

You collected 175 gold pieces.

Inventory:

Hand Weapons
 a - a +3 dagger
 h - a +0 hand axe
 o - a +2 dagger of draining (weapon)
 p - a +1 dagger of flaming
 q - a +1 dagger of venom
 v - a +0 flail
 y - a +0 trident
Missiles
 b - 3 curare-tipped darts (quivered)
 x - 2 boomerangs
Armour
 l - a +0 buckler (worn)
 t - a +3 scale mail of fire resistance (worn)
Jewellery
 j - a +6 ring of intelligence (left hand)
 r - a ring of resist corrosion (right hand)
Wands
 s - a wand of polymorph (8)
Scrolls
 c - 4 scrolls of teleportation
 m - a scroll of enchant weapon {unknown}
 u - a scroll of blinking
 w - a scroll of amnesia
Potions
 d - a potion of berserk rage
 k - a potion of lignification
 n - a potion of brilliance {unknown}


   Skills:
 + Level 3.1 Fighting
 - Level 2.6 Throwing
 - Level 2.0 Armour
 - Level 2.0 Dodging
 * Level 1.0 Shields
 - Level 2.0 Spellcasting
 - Level 2.6 Earth Magic


You had 7 spell levels left.
You didn't know any spells.
Your spell library contained the following spells:

 Spells                   Type           Power      Damage    Failure   Level
 Sandblast                Erth           20%        2d7       38%         1
 Stone Arrow              Conj/Erth      12%        3d7       91%         3
 Portal Projectile        Hex/Tloc       2%         N/A       98%         3
 Tukima's Dance           Hex            1%         N/A       98%         3
 Blade Hands              Tmut           0%         N/A       100%        5


Dungeon Overview and Level Annotations

Branches:
Dungeon (4/15)
 Temple: D:4-7

Altars:
Uskayaw

Shops:
D:1 :

Annotations:
D:4 Menkaure


Innate Abilities, Weirdness & Mutations

You have a pair of small antennae on your head.
You are partially covered in sharp spines.


Message History

Found a dagger.
The ball python hisses angrily.
You hit Menkaure.
Menkaure is lightly damaged.
You block Menkaure's attack.
You hit Menkaure but do no damage.
Menkaure is lightly damaged.
Menkaure is struck by your spines. Menkaure hits you!
You hit Menkaure but do no damage.
Menkaure is moderately damaged.
The wyvern bites you!
You hit Menkaure but do no damage.
Menkaure is moderately damaged.
The wyvern is struck by your spines. The wyvern bites you!
* * * LOW HITPOINT WARNING * * *
Menkaure mumbles some strange words.
Menkaure seems to speed up.
The goblin is struck by your spines.
You kill the goblin!
You feel much better.
The wyvern bites you but does no damage.
Menkaure hits you! The wyvern is struck by your spines.
The wyvern bites you but does no damage.
You hit Menkaure but do no damage.
Menkaure is moderately damaged.
Menkaure closely misses you. The ball python barely misses you.
The wyvern barely misses you. Menkaure is struck by your spines.
Menkaure hits you.
* * * LOW HITPOINT WARNING * * *
The ball python is struck by your spines.
You kill the ball python!
There are no items here.
You feel much better. The wyvern bites you! Menkaure is struck by your spines.
Menkaure hits you!
* * * LOW HITPOINT WARNING * * *
The wyvern bites you but does no damage.
You feel better. The wyvern bites you.
* * * LOW HITPOINT WARNING * * *
Menkaure casts a spell at you. Pain shoots through your body!
You die...

#..##.. ...#.. .#
#..#.###.# ..
#........# ...
#........# #
....##........#.#
.......:........#
...##.<...l$..###
#.........@M......
#....#...)....##.)
..............#
..............#
..............#
.......#........
.....####.#....#
##### #.......


You could see a wyvern and Menkaure (fast).

Vanquished Creatures
  3 adders
  A worm (D:2)
  2 dart slugs (D:1)
  5 orcs (D:3)
  12 bats
  3 endoplasms
  A giant cockroach (D:2)
  9 goblins
  5 hobgoblins
  4 jackals (D:3)
  10 kobolds
  3 quokkas
  5 ball pythons
  3 frilled lizards (D:1)
  8 rats
74 creatures vanquished.

Notes
Turn   | Place    | Note
-------+----------+-------------------------------------------
     0 | D:1      | IdlyInterested the Demonspawn Wanderer began the quest for
                  | the Orb.
     0 | D:1      | IdlyInterested set off with the following items: a +3
                  | dagger, 3 curare-tipped darts, a scroll of teleportation, a
                  | +0 leather armour; and the following spell memorised:
                  | Sandblast; and the following spells available to memorise:
                  | Stone Arrow.
     0 | D:1      | Reached XP level 1. HP: 16/16 MP: 3/3
   190 | D:1      | Reached skill level 1 in Armour
   214 | D:1      | Found Hugedwept's Book Emporium.
   216 | D:1      | Gained mutation: You are partially covered in sharp spines.
                  | [demonic ancestry]
   216 | D:1      | Reached XP level 2. HP: 21/22 MP: 5/5
   299 | D:1      | Found a faded altar of an unknown god.
   451 | D:1      | Reached XP level 3. HP: 28/28 MP: 6/6
  1036 | D:2      | Reached skill level 1 in Dodging
  1512 | D:2      | Gained mutation: You have a pair of small antennae on your
                  | head. [demonic ancestry]
  1512 | D:2      | Reached XP level 4. HP: 31/34 MP: 7/7
  1676 | D:3      | Reached skill level 3 in Fighting
  2040 | D:3      | Found a hide-covered altar of Uskayaw.
  2052 | D:3      | Reached skill level 1 in Shields
  2188 | D:4      | Noticed Menkaure
  2190 | D:4      | Noticed a wyvern
  2195 | D:4      | HP: 1/35 [wyvern (10)]
  2199 | D:4      | Killed from afar by Menkaure

Illustrated notes

Levels and vault maps discovered:
D:1:      psy_arrival_radial02, layout_rooms, serial_shops, shop,
          shapermc_ecumenical_altar_pompeii
D:2:      layout_loops_cross
D:3:      layout_rooms, nicolae_uskayaw_suspiria, tso_oasis_becter
D:4:      layout_rooms, amcnicky_altar_gilded, cheibrodos_sewer_entry_bend,
          serial_shops, shop, minmay_small_thing, uniq_menkaure, uniq_natasha,
          uniq_robin

Skill      XL: |  1  2  3  4 |
---------------+-------------+-----
Armour         | 1 2 |  2.0
Dodging        | 1 2 |  2.0
Fighting       | 3 |  3.1
Shields        | 1 |  1.0
Throwing       | |  2.6
Spellcasting   | |  2.0
Earth Magic    | |  2.6

Action                   |  1- 3 |  4- 6 || total
-------------------------+-------+-------++-------
Melee: Dagger            |   104 |    49 ||   153
  Use: Scroll            |     2 |     5 ||     7
       Potion            |     1 |     5 ||     6
 Stab: Sleeping          |     1 |       ||     1
Armor: Leather armour    |    18 |       ||    18
       Chain mail        |    14 |       ||    14
       Scale mail        |     7 |    25 ||    32
Dodge: Dodged            |    38 |    24 ||    62
Block: Buckler           |    15 |    11 ||    26

Table legend: (Time is in decaauts)
 A = Elapsed time spent in this place.
 B = Non-inter-level travel time spent in this place.
 C = Inter-level travel time spent in this place.
 D = Time resting spent in this place.
 E = Time spent auto-exploring this place.
 F = Levels seen in this place.
 G = Mean time per level.
                   A        B        C        D        E       F      G
               +--------+--------+--------+--------+--------+-----+--------+
         Total |   2215 |   1957 |    258 |    200 |   1134 |   4 |  553.8 |
       Dungeon |   2215 |   1957 |    258 |    200 |   1134 |   4 |  553.8 |
               +--------+--------+--------+--------+--------+-----+--------+

Top non-repeatable levels by time:
     D:2: 932 daAuts
     D:1: 836 daAuts
     D:3: 436 daAuts
     D:4: 10 daAuts
